 Dungeon Crawl Stone Soup version 0.31-a0-188-g5e087ee2ca (webtiles) character file.

Game seed: 5086026765086843551

102 qw the Shooter (level 4, -4/25 HPs)
             Began as a Deep Elf Hunter on June 23, 2023.
             Slain by a gnoll bouda
             ... wielding a +0 club
              (6 damage)
             ... on level 4 of the Dungeon.
             The game lasted 00:00:47 (2015 turns).

qw the Shooter (Deep Elf Hunter)                    Turns: 2015, Time: 00:00:47

Health: -4/25      AC:  6    Str: 10    XL:     4   Next: 49%
Magic:  0/6        EV:  9    Int: 14    God:
Gold:   136        SH:  0    Dex: 18    Spells: 3/3 levels left

rFire   . . .        Y - +0 shortbow
rCold   . . .        (shield currently unavailable)
rNeg    + . .        g - +0 scale mail
rPois   .            (no helmet)
rElec   .            (no cloak)
rCorr   .            (no gloves)
SInv    .            (no boots)
Will    +....        b - amulet of guardian spirit
Stlth   +            i - ring of positive energy
HPRegen 0.24/turn    k - ring of willpower
MPRegen 0.10/turn

%: guardian spirit
@: about to teleport, weakened
A: no striking features
a: no special abilities


You were on level 4 of the Dungeon.
You visited 1 branch of the dungeon, and saw 4 of its levels.

You collected 136 gold pieces.


   Skills:
 - Level 1.5 Fighting
 + Level 7.9 Ranged Weapons
 - Level 2.4 Dodging
 - Level 1.2 Stealth


You had 3 spell levels left.
You didn't know any spells.
Your spell library was empty.

Inventory:

Hand Weapons
 Y - a +0 shortbow (weapon)
Armour
 g - a +0 scale mail (worn)
 h - a +0 ring mail
Jewellery
 b - an amulet of guardian spirit (around neck)
 i - a ring of positive energy (left hand)
 k - a ring of willpower (right hand)
Scrolls
 a - a scroll of teleportation
 c - a scroll of identify
 d - a scroll of enchant armour
Potions
 e - a potion of invisibility {unknown}
 f - a potion of curing
 j - a potion of resistance
 l - a potion of heal wounds {unknown}

Dungeon Overview and Level Annotations

Branches:
Dungeon (4/15)
 Temple: D:4-7

Altars:
Ru

Shops:
D:2 :


Message History

The gnoll shouts! x2; The kobold shouts!
A gnoll comes into view. It is wielding a +3 whip of venom.
Enter note:
Enter note:
2005 ||| Stepping ~*~*~tactically~*~*~ (outnumbered).
2006 ||| Stepping ~*~*~tactically~*~*~ (outnumbered).
You shoot an arrow. The arrow closely misses the gnoll.
You shoot an arrow. The arrow hits the gnoll!
The gnoll is heavily wounded.
You shoot an arrow. The arrow hits the gnoll.
The gnoll is almost dead.
You shoot an arrow. The arrow barely misses the gnoll.
The arrow hits the kobold but does no damage.
A gnoll bouda comes into view. It is wielding a +0 club.
The gnoll barely misses you.
You shoot an arrow. The gnoll bouda shouts!
The arrow hits the gnoll.
You kill the gnoll!
The gnoll hits you from afar with a +0 halberd!
The gnoll bouda barks out a call to the hunt!
The gnoll picks up the pace!
The gnoll barely misses you.
You shoot an arrow. The arrow hits the kobold.
You kill the kobold!
The gnoll closely misses you.
You shoot an arrow.
The arrow hits the gnoll but does no damage.
The gnoll hits you from afar with a +0 halberd!
You shoot an arrow. The arrow hits the gnoll bouda.
The gnoll bouda is lightly wounded.
The gnoll hits you from afar with a +0 halberd!
The gnoll closely misses you. The gnoll bouda barely misses you.
2015 ||| READING 2 scrolls of teleportation.
As you read the scroll of teleportation, it crumbles to dust.
You feel strangely unstable.
The gnoll bouda gazes fiercely through you!
You feel your attacks grow feeble.
The gnoll bouda hits you with a +0 club!
You die...

...## .......##
g....##.......#
#.gK.............
#.........###+###.#....
..........#.$..$#.....#
..........#....$#.....#
#)g.#.._.$#.....#
#g.:#$...$#....###
#@..#.....#....... ..
####...#######.##..# ..
#..............##.# #.
.........####..##..# #.
...####..## ##.....# #.
## #..## ####..# ##.
##..# ##..## #..##
#..## ##....##
#####.%<### #...#
##..##..#


You could see a gnoll bouda and a gnoll (swift).

Vanquished Creatures
  2 adders
  2 gnolls
  A worm (D:2)
  4 dart slugs
  4 endoplasms
  4 giant cockroaches
  3 goblins
  A hobgoblin (D:3)
  2 jackals (D:2)
  4 quokkas
  6 ball pythons
  5 bats
  7 frilled lizards
  6 kobolds
  3 rats
54 creatures vanquished.

Notes
Turn   | Place    | Note
-------+----------+-------------------------------------------
     0 | D:1      | qw the Deep Elf Hunter began the quest for the Orb.
     0 | D:1      | Reached XP level 1. HP: 12/12 MP: 3/3
     0 | D:1      | 0 ||| qw: Version: 0.3-a-9-g12657ce
     0 | D:1      | 0 ||| qw: Game counter: 3323
     0 | D:1      | 0 ||| qw: Always use a shield: true
     0 | D:1      | 0 ||| qw: God list: Okawaru
     0 | D:1      | 0 ||| qw: Allow faded altars: false
     0 | D:1      | 0 ||| qw: Do Orc after D:15 true
     0 | D:1      | 0 ||| qw: Do second Lair branch before Depths: true
     0 | D:1      | 0 ||| qw: Lair rune preference: random
     0 | D:1      | 0 ||| qw: Plans: Normal
     0 | D:1      | 0 ||| PLANNING D:1-11
   139 | D:1      | Reached XP level 2. HP: 16/16 MP: 4/4
   142 | D:1      | Reached skill level 6 in Ranged Weapons
   309 | D:1      | Reached XP level 3. HP: 20/20 MP: 5/5
   510 | D:1      | 510 ||| UPGRADING to +0 scale mail.
   520 | D:1      | 520 ||| DROPPING +0 leather armour.
   521 | D:1      | 521 ||| UPGRADING to ring of positive energy.
   522 | D:1      | 522 ||| READING 2 scrolls labelled OTAROC KEU.
   525 | D:1      | 525 ||| READING scroll labelled SUCIPN NOTURIE.
   526 | D:1      | 526 ||| READING scroll labelled TOUDDO ARUKO.
   527 | D:1      | 527 ||| READING scroll labelled WECUUQ MEOJ.
   528 | D:1      | 528 ||| DROPPING scroll of butterflies.
   549 | D:2      | You fall into a shaft and drop 2 floors!
   638 | D:3      | 638 ||| UPGRADING to amulet of guardian spirit.
   687 | D:2      | Reached skill level 7 in Ranged Weapons
   814 | D:2      | Found Qaotz's Book Shoppe.
  1105 | D:2      | Reached XP level 4. HP: 25/25 MP: 6/6
  1332 | D:2      | 1332 ||| UPGRADING to ring of willpower.
  1333 | D:2      | 1333 ||| READING scroll labelled PEIZASCH RAEN.
  1334 | D:2      | 1334 ||| READING scroll labelled VITSITSALE.
  1335 | D:2      | 1335 ||| READING 2 scrolls labelled EFISTI COEL.
  1336 | D:2      | 1336 ||| READING scroll labelled IMITHEK JIAR.
  1337 | D:2      | 1337 ||| DRINKING 2 sapphire potions.
  1338 | D:2      | 1338 ||| DROPPING scroll of amnesia.
  1826 | D:3      | 1826 ||| DRINKING 2 fuming cyan potions.
  1845 | D:4      | 1845 ||| STAIRDANCE
  1990 | D:4      | Found a sacrificial altar of Ru.
  2005 | D:4      | 2005 ||| Stepping ~*~*~tactically~*~*~ (outnumbered).
  2006 | D:4      | 2006 ||| Stepping ~*~*~tactically~*~*~ (outnumbered).
  2014 | D:4      | HP: 2/25 [gnoll/+0 halberd[a gnoll bouda] (10)]
  2015 | D:4      | 2015 ||| READING 2 scrolls of teleportation.
  2015 | D:4      | Slain by a gnoll bouda

Levels and vault maps discovered:
D:1:      nagdon_arrival_double_spiral, layout_basic
D:2:      layout_basic, serial_shops, nicolae_book_shop_shelving
D:3:      layout_basic
D:4:      minmay_polygon_palace, layout_layer_cave, amcnicky_altar_gilded,
          uniq_duvessa

Skill      XL: |  1  2  3 |
---------------+----------+-----
Ranged Weapons | 6 7 |  7.9
Fighting       | |  1.5
Dodging        | |  2.4
Stealth        | |  1.2

Action                     |  1- 3 |  4- 6 || total
---------------------------+-------+-------++-------
   Fire: Shortbow          |   106 |    45 ||   151
    Use: Scroll            |     4 |     5 ||     9
         Potion            |       |     2 ||     2
 Armour: Leather armour    |     1 |       ||     1
         Scale mail        |    14 |    13 ||    27
  Dodge: Dodged            |    17 |    13 ||    30

Table legend:
 A = Non-vault XP
 B = Vault XP
 C = Vault XP percentage of total XP
 D = Non-vault monster count
 E = Vault monster count
 F = Vault count percentage of total count
                 A         B        C        D         E       F
            +---------+---------+-------+---------+---------+-------
      Total |     146 |       0 |   0.0 |      54 |       0 |   0.0
            +---------+---------+-------+---------+---------+-------
        D:1 |      50 |       0 |   0.0 |      23 |       0 |   0.0
        D:2 |      41 |       0 |   0.0 |      13 |       0 |   0.0
        D:3 |      32 |       0 |   0.0 |      12 |       0 |   0.0
        D:4 |      23 |       0 |   0.0 |       6 |       0 |   0.0
            +---------+---------+-------+---------+---------+-------
